 Dungeon Crawl Stone Soup version 0.26.0-10-g1f06aea511 (webtiles) character file.

Game seed: 13337584518252914249

3259 Borgoz the Carver (level 10, -1/86 HPs)
             Began as a Ghoul Gladiator on Jan 18, 2021.
             Was a Priest of Okawaru.
             Slain by a swamp worm (12 damage)
             ... on level 7 of the Dungeon.
             The game lasted 00:09:12 (8765 turns).

Borgoz the Carver (Ghoul Gladiator)                 Turns: 8765, Time: 00:09:13

Health: -1/86      AC: 10    Str: 19    XL:     10   Next: 0%
Magic:  9/9        EV: 14    Int:  6    God:    Okawaru [***...]
Gold:   413        SH:  0    Dex: 13    Spells: 9/9 levels left

rFire    + . .     SeeInvis .   a - +2 long sword
rCold    + . .     Faith    .   (no shield)
rNeg     + + +     Spirit   .   f - +0 ring mail {Will+}
rPois    ∞         Reflect  .   n - +2 hat {Int+3}
rElec    .         Harm     .   (no cloak)
rCorr    .         Rampage  .   k - +0 pair of gloves
Will     +....                  g - +0 pair of boots
Stlth    +.........             (no amulet)
HPRegen  0.00/turn              l - ring of protection from fire
MPRegen  0.11/turn              (no ring)

@: brilliant, very slightly contaminated, invisible, very slow
A: claws 1, cold resistance 1, negative energy resistance 3, inhibited
regeneration, torment resistance, unbreathing
a: Renounce Religion, Heroism


You were on level 7 of the Dungeon.
You worshipped Okawaru.
Okawaru was most pleased with you.
You visited 2 branches of the dungeon, and saw 8 of its levels.
You also visited: Sewer.

You collected 413 gold pieces.

Inventory:

Hand Weapons
 a - a +2 long sword (weapon)
Armour
 f - a +0 ring mail of willpower (worn)
 g - a +0 pair of boots (worn)
 k - a +0 pair of gloves (worn)
 n - a +2 hat of intelligence (worn)
Jewellery
 l - a ring of protection from fire (left hand)
Wands
 c - a wand of digging (3)
Scrolls
 h - 2 scrolls of teleportation
 p - a scroll of enchant weapon
 q - a scroll of identify
 r - a scroll of enchant armour {unknown}
Potions
 b - a potion of cancellation
 i - 2 potions of resistance
 j - 3 potions of brilliance
 s - 2 potions of haste


   Skills:
 + Level 7.0 Fighting
 * Level 8.5 Long Blades
 - Level 1.7 Throwing
 + Level 5.4 Armour
 + Level 6.2 Dodging


You had 9 spell levels left.
You didn't know any spells.
Your spell library contained the following spells:

 Spells                   Type           Power        Failure   Level
 Animate Skeleton         Necr           0%           63%         1
 Apportation              Tloc           0%           63%         1
 Corona                   Hex            0%           63%         1
 Magic Dart               Conj           0%           63%         1
 Summon Small Mammal      Summ           0%           63%         1
 Blink                    Tloc           N/A          77%         2
 Call Imp                 Summ           0%           77%         2
 Corpse Rot               Necr/Air       N/A          77%         2
 Slow                     Hex            0%           77%         2
 Conjure Flame            Conj/Fire      0%           94%         3
 Mephitic Cloud           Conj/Pois/Air  0%           94%         3
 Dispel Undead            Necr           0%           100%        4
 Agony                    Necr           0%           100%        5
 Excruciating Wounds      Necr           0%           100%        5
 Sublimation of Blood     Necr           Unusable     N/A         2

Dungeon Overview and Level Annotations

Branches:
Dungeon (7/15)             Temple (1/1) D:4           Sewer (visited)

Altars:
Ashenzari
Cheibriados
Dithmenos
Elyvilon
Fedhas
Gozag
Hepliaklqana
Kikubaaqudgha
Makhleb
Nemelex Xobeh
Okawaru
Qazlal
Ru
Sif Muna
Trog
Uskayaw
Vehumet
Wu Jian
Xom
Yredelemnul
Zin
The Shining One

Shops:
D:5 [

Annotations:
D:6 3 runed translucent doors, Borgoz's ghost, novice GrBe; ggurman's ghost, novice PaFi


Innate Abilities, Weirdness & Mutations

You thrive by killing the living.
You are immune to poison.
You have sharp fingernails.
Your flesh is cold resistant. (rC+)
You are immune to negative energy. (rN+++)
You do not regenerate when monsters are visible.
You are immune to unholy pain and torment.
You can survive without breathing.


Message History

You are yanked forward by the harpoon shot.
Splash!
The swamp worm bites you.
* * * LOW HITPOINT WARNING * * *
You feel better. The swamp worm closely misses you.
It was a potion of brilliance.
You feel clever all of a sudden.
The swamp worm bites you but does no damage.
The swamp worm barely misses you.
It was a potion of magic.
Magic courses through your body.
The swamp worm bites you but does no damage.
You feel better. The swamp worm bites you!!
* * * LOW HITPOINT WARNING * * *
You fade into invisibility!
The swamp worm misses you.
You are very lightly contaminated with residual magic.
Okay, then.
Your unstable footing causes you to fumble your attack.
The swamp worm bites you!
You die...

######......#≈≈###≈≈#### #.#
.......####.≈≈##(##≈≈..# #.#
.......# #≈≈≈#[≈≈#≈≈≈.#######.#
.......####≈≈##≈≈≈##≈≈.........#
...###.#...≈≈#≈≈≈≈≈#≈≈.##########
...........≈≈##)≈≈##≈≈...........
..........#≈≈≈#≈≈≈#≈≈≈.#.##..####
..........##≈≈##w##≈≈#.#.........
..........##.≈≈P@P≈≈......##..###
.............≈≈≈≈≈≈≈.............
#####.#.....).≈≈≈≈≈###..#.###.###
# #..............# #.........# #
####...........# #.##.####.#
########.......?...###.....# #.#
............######.........###.##
.#######....# ####...........#
...........## #......####.#


You could see a swamp worm.

Vanquished Creatures
  A two-headed ogre (D:7)
  Maggie (D:6)
  Grinder (D:5)
  2 ice beasts (D:5)
  A phantom (D:7)
  An ogre (D:3)
  A big kobold (D:3)
  Blork the orc (D:4)
  6 bullfrogs
  A water moccasin zombie (D:7)
  2 scorpions (D:6)
  The ghost of kuzco6543 the Ruffian, a weakling OgTm (D:3)
  A vampire bat (D:3)
  2 bullfrog zombies
  A jelly (D:5)
  3 hounds
  6 orc wizards
  2 orc priests
  Ijyb (D:4)
  A centaur skeleton (D:4)
  A bullfrog skeleton (D:5)
  5 iguanas
  3 worker ants
  A hound skeleton (D:5)
  6 adders
  3 shadow imps
  2 white imps
  2 ufetubi (D:5)
  An ooze (D:5)
  An adder zombie (D:7)
  7 worms
  A dart slug (D:3)
  3 fire bats (D:3)
  7 leopard geckos
  22 orcs
  2 spectral bats (D:3)
  5 ball pythons
  11 bats
  3 bat skeletons (D:3)
  A bat zombie (D:3)
  14 giant cockroaches
  4 hobgoblins
  5 jackals
  5 kobolds
  4 quokkas
  2 ball python skeletons (D:5)
  A bat simulacrum (D:3)
  10 frilled lizards
  9 goblins
  A jackal zombie (D:5)
  A quokka zombie (D:5)
  4 rats
183 creatures vanquished.

Vanquished Creatures (others)
  2 plants (D:7)
  6 withered plants (D:6)
8 creatures vanquished.

Grand Total: 191 creatures vanquished

Notes
Turn   | Place    | Note
-------+----------+-------------------------------------------
     0 | D:1      | Borgoz the Ghoul Gladiator began the quest for the Orb.
     0 | D:1      | Reached XP level 1. HP: 17/17 MP: 0/0
   152 | D:1      | Reached XP level 2. HP: 17/25 MP: 1/1
   393 | D:1      | Reached skill level 3 in Long Blades
  1075 | D:2      | Reached XP level 3. HP: 26/30 MP: 2/2
  1191 | D:2      | Reached skill level 1 in Armour
  1848 | D:2      | Reached XP level 4. HP: 37/37 MP: 3/3
  1972 | D:2      | Found a shimmering blue altar of Sif Muna.
  2172 | D:3      | Noticed kuzco6543's ghost (weakling OgTm)
  2173 | D:3      | Found a transporter.
  2178 | D:3      | Found a transporter.
  2181 | D:3      | Noticed an ogre
  2492 | D:3      | Found a glowing drain.
  2527 | D:3      | Noticed a big kobold
  2529 | Sewer    | Entered a sewer
  2857 | Sewer    | Noticed a bullfrog
  2857 | Sewer    | Noticed a bullfrog
  2873 | Sewer    | Killed a bullfrog
  2874 | Sewer    | Reached skill level 4 in Long Blades
  2874 | Sewer    | Reached XP level 5. HP: 29/45 MP: 4/4
  2875 | Sewer    | Reached XP level 6. HP: 37/51 MP: 5/5
  3529 | D:3      | Reached XP level 7. HP: 55/59 MP: 6/6
  3613 | D:3      | Killed kuzco6543's ghost
  3614 | D:3      | Reached skill level 5 in Long Blades
  3737 | D:4      | Noticed Blork the orc
  3756 | D:4      | Killed Blork the orc
  4246 | D:4      | Found a staircase to the Ecumenical Temple.
  4309 | Temple   | Entered the Ecumenical Temple
  4554 | Temple   | Became a worshipper of Warmaster Okawaru
  4829 | D:4      | Reached XP level 8. HP: 61/67 MP: 7/7
  4899 | D:4      | Noticed Ijyb
  4911 | D:4      | Killed Ijyb
  5736 | D:5      | Entered Level 5 of the Dungeon
  5764 | D:5      | Reached * piety under Okawaru
  5765 | D:5      | Reached skill level 5 in Fighting
  5765 | D:5      | Reached skill level 6 in Long Blades
  5999 | D:5      | Found Nuicrer's Armour Shop.
  6030 | D:5      | Noticed Grinder
  6053 | D:5      | Killed Grinder
  6054 | D:5      | Reached skill level 5 in Dodging
  6830 | D:6      | Reached skill level 7 in Long Blades
  6830 | D:6      | Reached XP level 9. HP: 38/75 MP: 8/8
  7058 | D:6      | Noticed Maggie
  7074 | D:6      | Killed Maggie
  7074 | D:6      | Reached ** piety under Okawaru
  7238 | D:6      | Found a runed translucent gate.
  7240 | D:6      | Found a runed translucent gate.
  7242 | D:6      | Found a runed translucent gate.
  7261 | D:6      | Noticed ggurman's ghost (novice PaFi)
  7262 | D:6      | Noticed Borgoz's ghost (novice GrBe)
  7643 | D:7      | Noticed a two-headed ogre
  7659 | D:7      | Killed a two-headed ogre
  7659 | D:7      | Reached *** piety under Okawaru
  7660 | D:7      | Reached skill level 8 in Long Blades
  7660 | D:7      | Reached skill level 5 in Armour
  8484 | D:7      | Reached XP level 10. HP: 86/86 MP: 9/9
  8765 | D:7      | Slain by a swamp worm

Illustrated notes

Levels and vault maps discovered:
D:1:      denvon_arrival_planthouse, layout_loops_corners,
          minmay_splitting_lines
D:2:      layout_basic, lemuel_doored_altar, ebering_dispersal_statue_hall
D:3:      layout_rooms, cheibrodos_sewer_entry_bend, gammafunk_ghost_smash,
          goddamned_bats
D:4:      layout_layer_cave, minmay_temple_entry_statues_pillars,
          uniq_blork_the_orc, uniq_ijyb
D:5:      layout_cave_pools, serial_shops, shop, amcnicky_mini_corridor_feature,
          uniq_grinder
D:6:      layout_gridville, gammafunk_ghost_cemetery,
          corexii_item_surrounded_by_moat, uniq_maggie
D:7:      layout_basic, worms_lemuel
Temple:   nicolae_temple_the_god_donut

Skill      XL: |  1  2  3  4  5  6  7  8  9 |
---------------+----------------------------+-----
Long Blades    | 3 4 5 7 8 |  8.5
Dodging        | 3 4 5 6 |  6.2
Armour         | 1 2 3 4 5 |  5.4
Fighting       | 3 4 5 7 |  7.0
Throwing       | |  1.7

Action                   |  1- 3 |  4- 6 |  7- 9 | 10-12 || total
-------------------------+-------+-------+-------+-------++-------
Melee: Long sword        |   114 |   220 |   425 |    19 ||   778
       Punch             |       |       |       |     1 ||     1
Throw: Throwing net      |       |       |     3 |     1 ||     4
Invok: Heroism           |       |       |       |     1 ||     1
  Use: Scroll            |     2 |     3 |     8 |       ||    13
       Potion            |       |     3 |     2 |     5 ||    10
 Stab: Held in net/web   |       |       |     1 |       ||     1
Armor: Leather armour    |    14 |       |       |       ||    14
       Ring mail         |    29 |   131 |   178 |     4 ||   342
Dodge: Dodged            |    71 |   242 |   337 |    13 ||   663
       Rpst.: Long sword |    19 |    74 |    95 |     2 ||   190
